 Dungeon Crawl Stone Soup version 0.31-a0-925-g0a390f2509 (webtiles) character file.

Game seed: 3319871635996087043

588 Error4North the Ruffian (level 7, -7/108 HPs)
             Began as an Ogre Berserker on Oct 19, 2023.
             Was a Believer of Trog.
             Mangled by an ogre
             ... wielding a +0 giant club
              (25 damage)
             ... on level 5 of the Dungeon.
             The game lasted 00:14:27 (3663 turns).

Error4North the Ruffian (Ogre Berserker)            Turns: 3663, Time: 00:14:27

Health: -7/108     AC:  3    Str: 24    XL:     7   Next: 38%
Magic:  7/7        EV: 10    Int:  8    God:    Trog [**....]
Gold:   179        SH:  0    Dex:  8    Spells: 6/6 levels left

rFire   . .          .
                       - Unarmed
rCold   . . .        (no shield)
rNeg    . . .        a - +0 animal skin
rPois   .            l - +0 hat
rElec   .            (no cloak)
rCorr   .            (gloves unavailable)
SInv    .            (boots unavailable)
Will    .....        (no amulet) Stlth
                     (no ring)
HPRegen 0.38/turn    (no ring)
MPRegen 0.10/turn

%: no passive effects
@: berserking, very quick
A: large, unfitting armour, tough skin 1
a: Renounce Religion, Berserk, Trog's Hand


You were on level 5 of the Dungeon.
You worshipped Trog.
Trog was pleased with you.
You visited 1 branch of the dungeon, and saw 5 of its levels.

You collected 179 gold pieces.

Inventory:

Armour
 a - a +0 animal skin (worn)
 l - a +0 hat (worn)
Wands
 i - a wand of flame (13)
Scrolls
 b - 3 scrolls of immolation {unknown}
 c - 3 scrolls of enchant armour {unknown}
 d - a scroll of amnesia {unknown}
 e - 6 scrolls of identify {unknown}
 f - a scroll of brand weapon {unknown}
 h - 3 scrolls of noise {unknown}
 j - a scroll of enchant weapon {unknown}
 m - a scroll of revelation {unknown}
 n - a scroll of fear {unknown}
 p - 5 scrolls of teleportation {unknown}
Potions
 g - a potion of berserk rage
 k - 2 potions of curing
 o - a potion of haste {unknown}
 q - a potion of brilliance {unknown}


   Skills:
 * Level 5.4 Fighting
 * Level 1.2 Armour
 * Level 4.1 Dodging
 + Level 0.4 Stealth
 + Level 5.8 Unarmed Combat
 * Level 1.0 Evocations


You had 6 spell levels left.
You didn't know any spells.
Your spell library was empty.

Dungeon Overview and Level Annotations

Branches:
Dungeon (5/15)             Temple (0/1) D:5

Altars:

Shops:
D:2 *


Innate Abilities, Weirdness & Mutations

You are too large for most types of armour.
You have tough skin. (AC +1)


Message History

You closely miss the orc.
The ogre shouts!
The orc hits you with a +0 club.
You hit the orc.
The orc is moderately wounded.
The orc hits you but does no damage.
You punch the orc!
You kill the orc!
Trog accepts your kill.
An orc comes into view. It is wielding a +0 short sword.
The orc shouts!
You punch the orc wizard!
The orc wizard is severely wounded.
The orc wizard points at you and mumbles some strange words.
You are confused.
The orc wizard attacks as it pursues you!
The orc wizard hits you with a +0 dagger.
You closely miss the orc wizard.
The orc wizard is severely wounded.
You're too confused to move!
The orc wizard points at you and mumbles some strange words.
You easily resist.
The ogre hits you with a +0 giant club!!
You hit the orc wizard but do no damage.
The orc wizard is severely wounded.
The orc wizard hits you with a +0 dagger.
You bump into the rock wall.
The orc wizard points at you and mumbles some strange words.
The magic dart hits you. The ogre hits you with a +0 giant club!
* * * LOW HITPOINT WARNING * * *
Okay, then.
A red film seems to cover your vision as you go berserk!
You feel yourself moving faster!
You feel mighty!
The orc wizard hits you with a +0 dagger.
* * * LOW HITPOINT WARNING * * *
You bump into the rock wall.
You feel a strong urge to attack something.
You feel less confused.
The ogre hits you with a +0 giant club!!
You die...

############
#..........#
#.....(....# ###
#..........# ..#
#.........@#
#.#####........Oo####
................o)..o...
#..####.....†.....#.#.##
##.# #...........# ..
#.# ########....# .# #.#
#.#.... # #..##
####.#.##.# ##...
#....#.# .#


You could see an ogre, an orc wizard and an orc.

Vanquished Creatures
  Eustachio (D:5)
  A phantom (D:4)
  A bullfrog (D:4)
  A scorpion (D:5)
  An orc priest (D:3)
  A sleepcap (D:4)
  Terence (D:2)
  An iguana (D:3)
  4 adders
  8 dart slugs
  4 orcs
  7 ball pythons
  6 endoplasms
  8 giant cockroaches
  7 goblins
  9 hobgoblins
  4 jackals (D:3)
  5 quokkas
  7 bats
  5 frilled lizards
  5 kobolds
  6 rats
93 creatures vanquished.

Notes
Turn   | Place    | Note
-------+----------+-------------------------------------------
     0 | D:1      | Error4North the Ogre Berserker began the quest for the Orb.
     0 | D:1      | Reached XP level 1. HP: 24/24 MP: 1/1
   260 | D:1      | Found a faded altar of an unknown god.
   267 | D:1      | Reached XP level 2. HP: 32/32 MP: 2/2
   536 | D:1      | Reached XP level 3. HP: 37/40 MP: 3/3
   584 | D:1      | Reached ** piety under Trog
   725 | D:2      | Noticed Terence
   746 | D:2      | Killed Terence
   747 | D:2      | Reached XP level 4. HP: 10/49 MP: 4/4
  1170 | D:2      | Found Bubixupp's General Store.
  1604 | D:3      | Reached XP level 5. HP: 24/55 MP: 5/5
  2320 | D:4      | Reached skill level 5 in Unarmed Combat
  2320 | D:4      | Reached XP level 6. HP: 46/65 MP: 6/6
  2447 | D:4      | Reached skill level 5 in Fighting
  2560 | D:4      | Reached *** piety under Trog
  3412 | D:5      | Entered Level 5 of the Dungeon
  3426 | D:5      | Found a staircase to the Ecumenical Temple.
  3433 | D:5      | Reached XP level 7. HP: 72/72 MP: 7/7
  3506 | D:5      | Noticed Eustachio
  3534 | D:5      | Killed Eustachio
  3535 | D:5      | Reached skill level 1 in Armour
  3535 | D:5      | Reached skill level 1 in Evocations
  3663 | D:5      | Mangled by an ogre

Illustrated notes

Levels and vault maps discovered:
D:1:      lightli_molten_gateway, layout_loops_ring,
          chequers_ecumenical_altar_simple_redux
D:2:      layout_rooms, serial_shops, nicolae_square_shop, uniq_terence
D:3:      layout_basic
D:4:      layout_cave_pools, chequers_serial_rivers_large_a, moated_statue,
          kennysheep_donut, minmay_bisected
D:5:      layout_basic, minmay_temple_entry_mini_moons, uniq_prince_ribbit1,
          uniq_eustachio

Skill      XL: |  1  2  3  4  5  6  7 |
---------------+----------------------+-----
Unarmed Combat | 3 4 5 |  5.8
Dodging        | 3 4 |  4.1
Fighting       | 5 |  5.4
Armour         | 1 |  1.2
Evocations     | 1 |  1.0
Stealth        | |  0.4

Action                     |  1- 3 |  4- 6 |  7- 9 || total
---------------------------+-------+-------+-------++-------
  Melee: Unarmed           |    97 |   205 |    22 ||   324
         Punch             |     2 |     5 |       ||     7
 Invoke: Berserk           |     2 |     3 |     1 ||     6
         Trog's Hand       |     1 |       |     1 ||     2
  Evoke: Wand              |       |       |     4 ||     4
    Use: Potion            |     1 |     2 |     1 ||     4
 Armour: Animal skin       |    47 |   133 |    47 ||   227
         Skin              |       |     2 |       ||     2
  Dodge: Dodged            |    54 |    98 |    31 ||   183

Table legend: (Time is in decaauts)
 A = Elapsed time spent in this place.
 B = Non-inter-level travel time spent in this place.
 C = Inter-level travel time spent in this place.
 D = Time resting spent in this place.
 E = Time spent auto-exploring this place.
 F = Levels seen in this place.
 G = Mean time per level.
                   A        B        C        D        E       F      G
               +--------+--------+--------+--------+--------+-----+--------+
         Total |   3696 |   3624 |     72 |    551 |   2158 |   5 |  739.2 |
       Dungeon |   3696 |   3624 |     72 |    551 |   2158 |   5 |  739.2 |
               +--------+--------+--------+--------+--------+-----+--------+

Top non-repeatable levels by time:
     D:3: 1163 daAuts
     D:4: 839 daAuts
     D:1: 718 daAuts
     D:2: 716 daAuts
     D:5: 259 daAuts
